 Dungeon Crawl Stone Soup version 0.28.0-43-g3370ac3207 (webtiles) character file.

Game seed: 735029751820794581

58 experimilk the Cudgeller (level 3, 0/31 HPs)
             Began as a Palentonga Fighter on Mar 18, 2022.
             Slain by a gnoll
             ... wielding a +0 spear
              (5 damage)
             ... on level 2 of the Dungeon.
             The game lasted 00:02:40 (1131 turns).

experimilk the Cudgeller (Palentonga Fighter)       Turns: 1131, Time: 00:02:40

Health: 0/31       AC:  6    Str: 21    XL:     3   Next: 76%
Magic:  3/3        EV:  7    Int:  8    God:
Gold:   52         SH:  4    Dex:  9    Spells: 2/2 levels left

rFire   . . .      SeeInvis +   a - +0 flail
rCold   . . .      Faith    .   c - +0 buckler
rNeg    . . .      Spirit   .   b - +0 scale mail
rPois   .          Reflect  .   (no helmet)
rElec   .          Harm     .   (no cloak)
rCorr   .          Rampage  .   (no gloves)
Will    .....                   (no barding)
Stlth   ..........              (no amulet)
HPRegen 0.10/turn               (no ring)
MPRegen 0.08/turn               (no ring)

@: mighty
A: large, rugged brown scales 3, see invisible, deformed body, roll 1, armoured
tail
a: Rolling Charge


You were on level 2 of the Dungeon.
You visited 1 branch of the dungeon, and saw 2 of its levels.

You collected 52 gold pieces.

Inventory:

Hand Weapons
 a - a +0 flail (weapon)
Missiles
 e - 2 boomerangs (quivered)
Armour
 b - a +0 scale mail (worn)
 c - a +0 buckler (worn)
Scrolls
 f - a scroll of vulnerability {unknown}
 g - 4 scrolls of teleportation {unknown}
 h - 2 scrolls of identify {unknown}
Potions
 i - a potion of lignification {unknown}
 j - a potion of resistance {unknown}
 k - a potion of heal wounds {unknown}


   Skills:
 - Level 3.0 Fighting
 * Level 4.2 Maces & Flails
 - Level 2.4 Armour
 - Level 2.4 Shields


You had 2 spell levels left.
You didn't know any spells.
Your spell library was empty.

Dungeon Overview and Level Annotations

Branches:
Dungeon (2/15)

Altars:


Innate Abilities, Weirdness & Mutations

You are completely covered in rugged brown scales. (AC +3, +7% HP)
You have supernaturally acute eyesight. (SInv)
Armour fits poorly on your strangely shaped body.
You can roll at nearby foes to attack.
You have a long armoured tail.


Message History

You closely miss the gnoll.
Your tail-slap misses the gnoll.
The gnoll hits you with a +0 whip.
You barely miss the gnoll.
Your tail-slap misses the gnoll.
The gnoll hits you with a +0 whip.
You hit the gnoll but do no damage.
Your tail-slap misses the gnoll.
The gnoll closely misses you.
You completely miss the gnoll. The gnoll hits you with a +0 whip!
The gnoll completely misses you.
You feel very mighty all of a sudden. The gnoll hits you but does no damage.
You sock the gnoll!
The gnoll is heavily wounded.
The gnoll hits you with a +0 whip.
You closely miss the gnoll.
The gnoll is heavily wounded.
The gnoll hits you but does no damage.
You closely miss the gnoll.
The gnoll is heavily wounded.
The gnoll hits you but does no damage.
You barely miss the gnoll.
The gnoll is heavily wounded.
The gnoll barely misses you.
The giant cockroach waves its antennae.
You thump the gnoll!
You kill the gnoll!
Your Maces & Flails skill increases to level 4!
You bludgeon the giant cockroach!!
You kill the giant cockroach!
The gnoll hits you from afar with a +0 spear.
Found a ring mail.
You block the gnoll's attack.
Things that are here:
a +0 whip; a +0 spear; a giant cockroach corpse You thump the gnoll!
The gnoll is almost dead.
The gnoll hits you with a +0 spear!
* * * LOW HITPOINT WARNING * * *
You barely miss the gnoll.
The gnoll is almost dead.
The gnoll hits you with a +0 spear.
You die...

####### ###
#..)...
##.###.#####
##.#.##.# #
######.###...# #
#.....## ##..# #
#.####.###.#.#####
#@# ##.#.##......
#g# ##.#####...#
... ### ##.##
##.## #.## #.#
#.## #.# #.#. #.#
#..# [.# #.# ##.#


You could see a gnoll.

Vanquished Creatures
  2 gnolls (D:2)
  An adder (D:2)
  2 dart slugs (D:1)
  2 ball pythons (D:1)
  2 bats
  An endoplasm (D:2)
  4 giant cockroaches
  2 hobgoblins (D:1)
  4 jackals (D:1)
  A quokka (D:1)
  A kobold (D:2)
  3 rats
25 creatures vanquished.

Notes
Turn   | Place    | Note
-------+----------+-------------------------------------------
     0 | D:1      | experimilk the Palentonga Fighter began the quest for the
                  | Orb.
     0 | D:1      | Reached XP level 1. HP: 19/19 MP: 1/1
    77 | D:1      | Reached XP level 2. HP: 25/25 MP: 2/2
   256 | D:1      | Reached skill level 3 in Maces & Flails
   927 | D:2      | Reached XP level 3. HP: 27/31 MP: 3/3
  1128 | D:2      | Reached skill level 4 in Maces & Flails
  1131 | D:2      | Slain by a gnoll

Illustrated notes

Levels and vault maps discovered:
D:1:      dpeg_arrival_connections, layout_loops_ring,
          chequers_serial_rivers_micro_c
D:2:      layout_loops_cross, shapermc_ecumenical_altar_mp_vishouse

Skill      XL: |  1  2  3 |
---------------+----------+-----
Maces & Flails | 3 4 |  4.2
Fighting       | |  3.0
Armour         | |  2.4
Shields        | |  2.4

Action                   || total
-------------------------++-------
Melee: Flail             ||    68
       Tailslap          ||     7
Throw: Boomerang         ||     2
 Abil: Rolling Charge    ||     8
  Use: Potion            ||     1
Armor: Scale mail        ||    14
Dodge: Dodged            ||    26
Block: Buckler           ||    11
